 Dungeon Crawl Stone Soup version 0.25-a0-566-g062765be81 (webtiles) character file.

Game seed: 16166021438094873159, levelgen mode: deterministic

361 Gargoyl the Skirmisher (level 6, -16/78 HPs)
             Began as a Centaur Abyssal Knight on Feb 27, 2020.
             Was a Believer of Lugonu.
             Demolished by an ogre
             ... wielding a +0 giant spiked club
              (18 damage)
             ... on level 3 of the Dungeon on Feb 28, 2020.
             The game lasted 00:06:08 (3483 turns).

Gargoyl the Skirmisher (Centaur Abyssal Knight)     Turns: 3483, Time: 00:06:08

Health: -16/78     AC: 23    Str: 17    XL:     6   Next: 38%
Magic:  8/8        EV:  1    Int:  9    God:    Lugonu [**....]
Gold:   180        SH:  0    Dex: 10    Spells: 5/5 levels left

rFire    . . .     SeeInvis .   a - +1 hand axe
rCold    . . .     Gourm    .   (no shield)
rNeg     + + +     Faith    .   (armour currently unavailable)
rPois    +         Spirit   .   (helmet currently unavailable)
rElec    .         Reflect  .   (cloak currently unavailable)
rCorr    .         Harm     .   (gloves currently unavailable)
MR       .....     NoTele   +   (no barding)
Stlth    +.........             (no amulet)
HPRegen  0.23/turn              d - +2 ring of strength
MPRegen  0.11/turn              (no ring)

@: tree-form (expiring)
A: large, [dopey 1]
a: Depart the Abyss, Bend Space, Renounce Religion


You were on level 3 of the Dungeon.
You worshipped Lugonu.
Lugonu was pleased with you.
You were hungry.
You were a tree.
You visited 1 branch of the dungeon, and saw 4 of its levels.
You visited the Abyss 1 time.

You collected 180 gold pieces.

Inventory:

Hand Weapons
 a - a +1 hand axe (weapon)
Armour
 f - the cursed +0 chain mail of the Crypt (melded) {rC+ Str+4}
   (You found it on level 2 of the Abyss)

   It affects your strength (+4).
   It protects you from cold.
   If you remove this armour, your AC will remain unchanged.
   It has a curse placed upon it.
Jewellery
 d - a +2 ring of strength (left branch)
Wands
 q - a wand of flame (8)
Scrolls
 e - 6 scrolls of remove curse
 j - a scroll of magic mapping
 k - a scroll of amnesia
 r - a scroll of identify {unknown}
 u - a scroll of immolation {unknown}
 v - 3 scrolls of teleportation {unknown}
Potions
 g - a potion of lignification
 h - a potion of resistance {unknown}
 i - 2 potions of curing {unknown}
 l - a potion of mutation {unknown}
 n - 2 potions of degeneration {unknown}
 o - a potion of stabbing {unknown}
 s - a potion of flight {unknown}
 t - a potion of magic {unknown}
Comestibles
 c - 7 rations


   Skills:
 + Level 3.9 Fighting
 + Level 3.4 Axes
 * Level 2.9 Armour
 * Level 1.8 Dodging
 * Level 3.3 Invocations


You had 5 spell levels left.
You didn't know any spells.
Your spell library contained the following spells:

 Spells                   Type           Power        Failure   Level  Hunger
 Ignite Poison            Fire/Tmut/Pois #.......     77%         3    ####...
 Fireball                 Conj/Fire      #.........   100%        5    ######.
 Starburst                Conj/Fire      #.........   100%        6    #######
 Ring of Flames           Chrm/Fire      #.........   100%        7    #######
 Ignition                 Fire           #.........   100%        8    #######


Dungeon Overview and Level Annotations

Branches:
Dungeon (4/15)
 Temple: D:4-7

Altars:
Qazlal


Innate Abilities, Weirdness & Mutations

((You have hooves in place of feet.))
((Armour fits poorly on your strangely shaped body.))
((You cover ground very quickly.))
((You have extremely tough skin. (AC +3)))
[You are dopey. (Int -2)]


Message History

The ogre is lightly wounded.
The ogre hits you with a +0 giant spiked club.
* * * LOW HITPOINT WARNING * * *
You slash the ogre!
The ogre is moderately wounded.
The ogre hits you but does no damage.
You hit the ogre.
The ogre is heavily wounded.
You barely miss the ogre.
The ogre is heavily wounded.
Your transformation is almost over.
The ogre hits you with a +0 giant spiked club!
* * * LOW HITPOINT WARNING * * *
You slash the ogre!
The ogre is severely wounded.
The ogre hits you but does no damage.
You hit the ogre.
The ogre is almost dead.
The ogre hits you with a +0 giant spiked club!!
You die...

#############
#...........#
#.#########.#
###.##.######.#
#.............#
#.#.########### ######
#.#..♣O.......###.....
#.######.......##.###.
#.# ###...)...##.# #.
#.# #.'...<....#'###.
#.####.#..............
#......#...........[..
#####..#..............
###...........>......
#.....#(............(


You could see an ogre.

Vanquished Creatures
  A phantom (D:4)
  A hound (D:4)
  An orc wizard (D:3)
  An orc priest (D:3)
  Ijyb (D:2)
  5 adders
  4 gnolls (D:3)
  2 worms (D:2)
  5 dart slugs
  2 leopard geckos (D:3)
  2 orcs (D:3)
  3 ball pythons
  3 bats
  A giant cockroach (D:3)
  5 goblins
  8 hobgoblins
  3 jackals (D:3)
  9 kobolds
  A quokka (D:2)
  3 frilled lizards
  8 rats
69 creatures vanquished.

Vanquished Creatures (others)
  2 starspawn tentacles (Abyss:2)
2 creatures vanquished.

Grand Total: 71 creatures vanquished

Notes
Turn   | Place    | Note
-------+----------+-------------------------------------------
     0 | Abyss:1  | Gargoyl the Centaur Abyssal Knight began the quest for the
                  | Orb.
     0 | Abyss:1  | Reached XP level 1. HP: 19/19 MP: 2/2
   118 | Abyss:1  | Found a corrupted altar of Lugonu.
   250 | Abyss:1  | Noticed a chaos spawn
   296 | Abyss:1  | Noticed a sixfirhy
   301 | Abyss:1  | Noticed a small abomination
   341 | Abyss:2  | Found a corrupted altar of Lugonu.
   370 | Abyss:2  | Noticed a tentacled starspawn
   379 | Abyss:2  | Found a corrupted altar of Lugonu.
   383 | Abyss:2  | Noticed a wretched star
   383 | Abyss:2  | Noticed a fire bat
   383 | Abyss:2  | Noticed a fire bat
   383 | Abyss:2  | Noticed a fire bat
   386 | Abyss:2  | Noticed a large abomination
   388 | Abyss:2  | Got a fine chain mail
   389 | D:1      | Escaped the Abyss
   400 | D:1      | Identified the cursed +0 chain mail of the Crypt {rC+
                  | Str+4} (You found it on level 2 of the Abyss)
   538 | D:1      | Reached * piety under Lugonu
   544 | D:1      | Reached XP level 2. HP: 26/26 MP: 3/3
   659 | D:1      | Reached skill level 1 in Dodging
   887 | D:2      | Reached XP level 3. HP: 18/31 MP: 4/4
  1676 | D:3      | Reached XP level 4. HP: 31/38 MP: 5/5
  1799 | D:3      | Reached ** piety under Lugonu
  1814 | D:3      | Found a stormy altar of Qazlal.
  1837 | D:3      | Noticed Ijyb
  1851 | D:2      | Killed Ijyb
  1880 | D:3      | Reached XP level 5. HP: 33/46 MP: 7/7
  2915 | D:4      | Noticed a phantom
  2923 | D:4      | Reached XP level 6. HP: 34/52 MP: 8/8
  3481 | D:3      | HP: 1/78 [ogre/+0 giant spiked club (7)]
  3483 | D:3      | Demolished by an ogre

Levels and vault maps discovered:
D:1:      elethiomel_arrival_diamonds, layout_basic
D:2:      layout_loops_ring
D:3:      layout_basic, lemuel_round_altar, corexii_leaking_fountain,
          kennysheep_generic_room_14, uniq_ijyb
D:4:      layout_loops_ring, grunt_gozag_statues, lemuel_round_altar,
          serial_shops, shop, first_ration

Skill      XL: |  1  2  3  4  5 |
---------------+----------------+-----
Axes           | 2 3 |  3.4
Dodging        | 1 |  1.8
Armour         | 2 |  2.9
Invocations    | 3 |  3.3
Fighting       | |  3.9

Action                   |  1- 3 |  4- 6 || total
-------------------------+-------+-------++-------
Melee: Hand axe          |    76 |   158 ||   234
       Kick              |    14 |    30 ||    44
Invok: Depart the Abyss  |     1 |       ||     1
Evoke: Wand              |       |    11 ||    11
  Use: Scroll            |     1 |     4 ||     5
       Potion            |       |     3 ||     3
  Eat: Chunk             |     1 |     5 ||     6
Armor: Chain mail        |    57 |    80 ||   137
       Skin              |       |     5 ||     5
Dodge: Dodged            |    32 |    50 ||    82

Table legend:
 A = Non-vault XP
 B = Vault XP
 C = Vault XP percentage of total XP
 D = Non-vault monster count
 E = Vault monster count
 F = Vault count percentage of total count
                 A         B        C        D         E       F
            +---------+---------+-------+---------+---------+-------
      Total |     466 |      50 |   9.7 |      60 |       9 |  13.0
            +---------+---------+-------+---------+---------+-------
        D:1 |      20 |      10 |  33.3 |      11 |       7 |  38.9
        D:2 |      44 |      36 |  45.0 |      14 |       1 |   6.7
        D:3 |     239 |       4 |   1.6 |      32 |       1 |   3.0
        D:4 |     163 |       0 |   0.0 |       3 |       0 |   0.0
            +---------+---------+-------+---------+---------+-------
